 Dungeon Crawl Stone Soup version 0.27.1-35-g4d5d836560 (console) character file.

Game seed: 14979693165458587540

1852 grimtooth the Covert (level 8, 0/36 HPs)
             Began as a Spriggan Earth Elementalist on Sept 24, 2022.
             Was a Believer of Makhleb.
             Slain by Pikel (8 damage)
             ... on level 7 of the Dungeon.
             The game lasted 00:39:39 (6408 turns).

grimtooth the Covert (Spriggan Earth Elementalist)  Turns: 6408, Time: 00:39:40

Health: 0/36       AC:  2    Str:  4    XL:     8   Next: 88%
Magic:  21/22      EV: 17    Int: 18    God:    Makhleb [**....]
Gold:   324        SH:  0    Dex: 16    Spells: 6/13 levels left

rFire    . . .     SeeInvis +   e - +0 dagger
rCold    . . .     Faith    .   (shield restricted)
rNeg     . . .     Spirit   .   b - +0 robe
rPois    .         Reflect  .   (helmet restricted)
rElec    .         Harm     .   (no cloak)
rCorr    .         Rampage  .   (gloves unavailable)
Will     +....                  (boots unavailable)
Stlth    +++++.....             w - amulet of the acrobat
HPRegen  0.12/turn              B - ring of magical power
MPRegen  0.18/turn              (no ring)

@: very quick
A: very small, no large weapons, unfitting armour, see invisible, speed 3
a: Renounce Religion, Minor Destruction


You were on level 7 of the Dungeon.
You worshipped Makhleb.
Makhleb was pleased with you.
You visited 1 branch of the dungeon, and saw 7 of its levels.

You collected 439 gold pieces.
You spent 115 gold pieces at shops.

Inventory:

Hand Weapons
 e - a +0 dagger (weapon)
Missiles
 a - 20 poisoned darts (quivered)
 c - 102 stones
 d - 218 arrows
 q - 73 sling bullets
Armour
 b - a +0 robe (worn)
Jewellery
 k - a ring of ice
 w - an amulet of the acrobat (around neck)
 B - a ring of magical power (left hand)
Wands
 x - a wand of acid (12)
 C - a wand of iceblast (7)
Scrolls
 h - 3 scrolls of amnesia
 i - 6 scrolls of teleportation
 n - 2 scrolls of magic mapping
 o - a scroll of noise {unknown}
 r - a scroll of blinking {unknown}
 s - a scroll of enchant weapon {unknown}
 u - 2 scrolls of fear
 v - a scroll of immolation {unknown}
 y - a scroll of fog {unknown}
 A - a scroll of torment {unknown}
Potions
 f - 3 potions of flight
 g - 2 potions of attraction
 j - 2 potions of berserk rage
 l - a potion of resistance
 m - 3 potions of heal wounds
 p - a potion of ambrosia
 t - a potion of curing {unknown}
 z - 4 potions of haste {unknown}
 D - 2 potions of degeneration {unknown}
 E - a potion of cancellation {unknown}


   Skills:
 + Level 0.5 Short Blades
 + Level 0.5 Throwing
 - Level 2.6 Dodging
 + Level 11.2 Stealth
 - Level 3.0 Spellcasting
 - Level 9.0 Transmutations
 - Level 6.0 Earth Magic


You had 6 spell levels left.
You knew the following spells:

 Your Spells              Type           Power      Damage    Failure   Level
a - Sandblast             Erth           48%        2d12      1%          1
w - Passwall              Tmut/Erth      24%        N/A       1%          2
y - Petrify               Tmut/Erth      29%        N/A       8%          4

Your spell library contained the following spells:

 Spells                   Type           Power      Damage    Failure   Level
 Stone Arrow              Conj/Erth      26%        3d8       14%         3
 Summon Guardian Golem    Hex/Summ       2%         N/A       43%         3
 Orb of Destruction       Conj           1%         N/A       100%        7
 Spellforged Servitor     Conj/Summ      1%         N/A       100%        7


Dungeon Overview and Level Annotations

Branches:
Dungeon (7/15)             Temple (0/1) D:6

Altars:
Ashenzari
Elyvilon
Makhleb
Uskayaw
Wu Jian
The Shining One

Shops:
D:1 *?(=

Annotations:
D:7 Pikel


Innate Abilities, Weirdness & Mutations

You are very small and have problems with some larger weapons.
You are too small for most types of armour.
You have supernaturally acute eyesight. (SInv)
You cover ground extremely quickly. (Speed+++)


Message History

Found 18 gold pieces.
The helpless lemure fails to defend itself.
You skewer the lemure like a kebab!!!
You kill the lemure!
That felt strangely unrewarding.
You see here a bullfrog corpse.
Found a robe.
An orc comes into view. It is wielding a +0 falchion.
An orc warrior comes into view. It is wielding a +0 war axe.
An orc, an orc wizard and a lemure come into view.
Found an ornate altar of the Wu Jian Council.
The orc warrior shouts!
The orc shouts! x2
An orc priest comes into view. It is wielding a +0 hand axe.
The orc wizard shouts!
Press: ? - help, v - describe, . - travel A teleport trap.
You hear a shout!
A lemure comes into view.
The helpless Pikel fails to defend himself.
You stick Pikel like a pincushion!!!
Pikel is almost dead.
The lemure hits you but does no damage. The lemure hits you!
Pikel barely misses you.
You hit Pikel but do no damage.
Pikel is almost dead.
The lemure closely misses you.
Pikel drinks a potion.
Pikel goes berserk!
The lemure misses you.
Casting: Petrify (quite dangerous; 8% risk of failure)
Confirm with . or Enter, or press ? or * to list all spells.
Aiming: Sandblast (safe; 1% risk of failure)
Press: ? - help, Shift-Dir - straight line, f - lemure
Aim: a lemure (76% to hit)
The blast of sand hits the lemure.
The lemure is lightly wounded.
c - 102 stones Pikel hits you with a +2 whip of flaming!!
Ouch! That really hurt!
* * * LOW HITPOINT WARNING * * *
Pikel burns you!
You die...

o._...^.# #.# .o...o#.#
#.# .o.o..#.# #.# .....
#.# #.# ##### #.# #.##
# ....# #..####.#
...5#####.#.....#
......K5.###.##########
.....[5@## ##.........#
....####.###†########.#
.. #$#.## ##..# #.##
##...# #.# ##....# #.#
##.....# #.# #.....##
#.# #....## #.# #...##


You could see Pikel (berserk) and 3 lemures.

Vanquished Creatures
  A wyvern (D:7)
  A yak (D:5)
  A water moccasin (D:7)
  A sky beast (D:6)
  A necrophage (D:7)
  4 centaurs
  A lemure (D:7)
  A kobold brigand (D:6)
  A bullfrog (D:7)
  5 scorpions
  2 howler monkeys
  A bullfrog zombie (D:5)
  2 hounds
  An iguana (D:5)
  A centaur skeleton (D:6)
  2 orc wizards (D:6)
  A scorpion zombie (D:4)
  3 hound skeletons
  Robin (D:2)
  5 adders
  2 white imps (D:6)
  2 ufetubi (D:5)
  2 adder zombies (D:4)
  A worm (D:3)
  2 dart slugs
  9 orcs
  2 bats
  3 endoplasms
  A giant cockroach (D:1)
  15 goblins
  6 hobgoblins
  11 jackals (D:1)
  11 kobolds
  3 quokkas
  6 ball pythons
  2 frilled lizards
  A quokka skeleton (D:4)
  4 rats
119 creatures vanquished.

Vanquished Creatures (others)
  4 withered plants (D:4)
4 creatures vanquished.

Grand Total: 123 creatures vanquished

Notes
Turn   | Place    | Note
-------+----------+-------------------------------------------
     0 | D:1      | grimtooth the Spriggan Earth Elementalist began the quest
                  | for the Orb.
     0 | D:1      | Reached XP level 1. HP: 9/9 MP: 5/5
     6 | D:1      | Found Tismidgh's Jewellery Emporium.
     8 | D:1      | Found a faded altar of an unknown god.
   319 | D:1      | Reached XP level 2. HP: 13/13 MP: 5/7
   570 | D:1      | Found Niner's General Store.
   604 | D:1      | Found Ximul's Magic Scroll Boutique.
   682 | D:1      | Reached XP level 3. HP: 16/16 MP: 8/8
   784 | D:1      | Bought a scroll of identify for 22 gold pieces
   939 | D:1      | Found Xeosoi's Antique Weapon Boutique.
  1044 | D:2      | Learned a level 2 spell: Passwall
  1224 | D:2      | You fall into a shaft and drop 1 floor!
  1273 | D:2      | You fall into a shaft and drop 2 floors!
  1783 | D:4      | Reached XP level 4. HP: 21/21 MP: 9/9
  1931 | D:3      | Found a hide-covered altar of Uskayaw.
  1934 | D:3      | Found a broken altar of Ashenzari.
  1939 | D:3      | Found a burning altar of Makhleb.
  1942 | D:3      | Found a white marble altar of Elyvilon.
  1948 | D:3      | Became a worshipper of Makhleb the Destroyer
  2389 | D:2      | Noticed Robin
  2513 | D:2      | Reached skill level 4 in Stealth
  2557 | D:2      | Killed Robin
  2745 | D:2      | Reached * piety under Makhleb
  2817 | D:2      | Learned a level 4 spell: Petrify
  3287 | D:4      | Reached XP level 5. HP: 24/24 MP: 4/10
  3530 | D:1      | Bought a scroll of fear for 38 gold pieces
  3530 | D:1      | Bought a scroll of teleportation for 33 gold pieces
  3530 | D:1      | Bought a scroll of identify for 22 gold pieces
  3582 | D:5      | Entered Level 5 of the Dungeon
  3616 | D:5      | Reached skill level 5 in Earth Magic
  3712 | D:5      | Reached skill level 5 in Stealth
  4020 | D:5      | Reached XP level 6. HP: 20/28 MP: 9/11
  4336 | D:5      | Noticed a yak
  4376 | D:5      | Reached skill level 6 in Stealth
  4424 | D:5      | Killed a yak
  4425 | D:5      | Reached skill level 7 in Stealth
  4425 | D:5      | Reached XP level 7. HP: 17/32 MP: 12/12
  4682 | D:5      | Reached skill level 8 in Stealth
  4957 | D:6      | Reached skill level 5 in Transmutations
  5054 | D:6      | Reached skill level 9 in Stealth
  5054 | D:6      | Reached XP level 8. HP: 36/36 MP: 9/13
  5111 | D:6      | Reached ** piety under Makhleb
  5131 | D:6      | Found a staircase to the Ecumenical Temple.
  6141 | D:7      | Reached skill level 10 in Stealth
  6196 | D:7      | Identified the +0 chain mail "Qoydeocw" {Regen+ Str+4
                  | Dex+4}
  6315 | D:7      | Reached skill level 11 in Stealth
  6324 | D:7      | Found a glowing golden altar of the Shining One.
  6370 | D:7      | Noticed Pikel
  6389 | D:7      | Found an ornate altar of the Wu Jian Council.
  6408 | D:7      | Slain by Pikel

Illustrated notes

Levels and vault maps discovered:
D:1:      ebering_trefoil_twist, layout_basic, ebering_ecumenical_altar_hall,
          serial_shops, shop, nicolae_shop_overgrown_old_shop, shop, shop,
          minivault_19
D:2:      layout_loops_cross, minmay_pentomino_x2, uniq_robin
D:3:      layout_rooms, grunt_temple_overflow_cloverleaf
D:4:      layout_rooms, serial_undead, serial_undead_b, serial_undead_f,
          serial_undead_d, serial_undead_e
D:5:      layout_rooms, minmay_misc_feat_more_columns, minmay_chambers_of_fives
D:6:      wander_river, layout_loops_ring,
          minmay_temple_entry_statues_fountains, item_on_display_a
D:7:      layout_loops_ring, lemuel_tele_altar, nicolae_tso_carved_into_rock,
          minmay_mini_ossuary, uniq_pikel, uniq_menkaure

Skill      XL: |  1  2  3  4  5  6  7  8 |
---------------+-------------------------+-----
Earth Magic    | 3 4 5 6 |  6.0
Spellcasting   | 3 |  3.0
Stealth        | 4 5 7 9 11 | 11.2
Transmutations | 5 9 |  9.0
Short Blades   | |  0.5
Throwing       | |  0.5
Dodging        | |  2.6

Action                   |  1- 3 |  4- 6 |  7- 9 || total
-------------------------+-------+-------+-------++-------
Melee: Dagger            |    64 |    82 |    37 ||   183
Throw: Dart              |    91 |   144 |    34 ||   269
       Stone             |     7 |     7 |     8 ||    22
 Cast: Sandblast         |    18 |    26 |    45 ||    89
       Petrify           |       |       |     4 ||     4
  Use: Scroll            |     5 |     2 |       ||     7
 Stab: Sleeping          |     3 |     3 |     9 ||    15
       Petrified         |       |       |     4 ||     4
Armor: Robe              |     4 |     6 |     3 ||    13
Dodge: Dodged            |    53 |    91 |    57 ||   201
